 Dungeon Crawl Stone Soup version 0.17-a0-2115-g0d8b93e (webtiles) character file.

5282 Ordine the Cruncher (level 10, -3/86 HPs)
             Began as a Minotaur Gladiator on Oct 20, 2015.
             Was a Follower of Ru.
             Slain by a hill giant
             ... wielding a +0 giant club
              (39 damage)
             ... on level 9 of the Dungeon.
             The game lasted 00:39:41 (10487 turns).

Ordine the Cruncher (Minotaur Gladiator)           Turns: 10487, Time: 00:39:41

Health: -3/86      AC: 12    Str: 20    XL:     10   Next: 37%
Magic:  9/9        EV:  9    Int:  5    God:    Ru [*.....]
Gold:   131        SH:  0    Dex: 14    Spells: 0 memorised, 9 levels left

rFire  . . .     SeeInvis .     a - +1 quarterstaff
rCold  . . .     Clarity  .     v - +0 plate armour
rNeg   . . .     SustAt   .     (no shield)
rPois  .         Gourm    +     c - +0 hat
rElec  .         Spirit   .     (no cloak)
rCorr  .         Warding  .     (no gloves)
rMut   .         Stasis   .     (no boots)
MR     .....                    B - amulet of the gourmand
Stlth  ..........               (no ring)
                                (no ring)

@: not resistant to hostile enchantments, extremely unstealthy
A: retaliatory headbutt, horns 2, no air magic, no summoning magic, no
transmutations magic
a: Renounce Religion


You were on level 9 of the Dungeon.
You worshipped Ru.
Ru was aware of your devotion.
You were not hungry.

You visited 2 branches of the dungeon, and saw 10 of its levels.
You also visited: Ossuary.

You collected 422 gold pieces.
You spent 291 gold pieces at shops.

Inventory:

Hand Weapons
 a - a +1 quarterstaff (weapon)
Missiles
 n - a throwing net (quivered)
Armour
 c - a +0 hat (worn)
 j - a +3 buckler
 v - a +0 plate armour (worn)
Magical Staves
 g - an uncursed staff of earth
Jewellery
 B - an amulet of the gourmand (around neck)
Wands
 b - a wand of slowing (19)
 t - a wand of invisibility (3)
 y - a wand of cold (8)
 z - a wand of lightning (6)
 A - a wand of disintegration (14)
Scrolls
 d - a scroll of enchant weapon
 f - 4 scrolls of remove curse
 k - a scroll of amnesia
 p - 7 scrolls of teleportation
 q - 4 scrolls of blinking
 r - 2 scrolls of immolation
 u - 2 scrolls of identify
Potions
 h - 3 potions of flight
 i - a potion of cancellation
 w - a potion of invisibility
Comestibles
 e - 11 bread rations
 l - 2 meat rations
 m - a fruit
 o - 3 chunks of flesh
 s - 3 royal jellies
 x - a beef jerky


   Skills:
 + Level 7.4 Fighting
 - Level 14.0 Staves
 - Level 2.0 Throwing
 + Level 6.5 Armour
 + Level 7.0 Dodging


You had 9 spell levels left.
You didn't know any spells.

Dungeon Overview and Level Annotations

Branches:
Dungeon (9/15)             Temple (1/1) D:7
   Lair: D:8-11         Orc: D:9-12

Altars:
Ashenzari
Cheibriados
Dithmenos
Elyvilon
Fedhas
Gozag
Kikubaaqudgha
Makhleb
Nemelex Xobeh
Okawaru
Qazlal
Ru
Sif Muna
Trog
Vehumet
Xom
Yredelemnul
Zin
The Shining One

Shops:
D:7 *   D:8 }   D:9 =


Innate Abilities, Weirdness & Mutations

You reflexively headbutt those who attack you in melee.
You have a pair of horns on your head.
You cannot study or cast Air magic.
You cannot study or cast Summoning magic.
You cannot study or cast Transmutations magic.


Message History

The hill giant is lightly wounded.
You hit the hill giant.
The hill giant is lightly wounded.
The hill giant hits you with a giant club!!
You sock the hill giant! You headbutt the hill giant.
The hill giant is moderately wounded.
You hit the hill giant.
The hill giant is moderately wounded.
The hill giant hits you with a giant club!
You hit the hill giant. Your headbutt misses the hill giant.
The hill giant is heavily wounded.
You sock the hill giant!
The hill giant is severely wounded.
The hill giant completely misses you.
You thump the hill giant!
The hill giant is severely wounded.
You hit the hill giant.
The hill giant is almost dead.
The hill giant hits you with a giant club!!!
You die...

#.... .....# ##..######.....
..... ...... ............†..
.... .... .............. #..#
#..# #..#####..#### #..# #..#
#..# #..# #..# #..# #..# #..#
#####..####..#####..#####..####
................................
.............†C@................
..#######..#####..#######..####.
. #..# #..# #..# #..# #..# #..#
#..# #..# #..# #..# #..# #..#
#..# #..# #..# .... ...< ..>.
....


You could see a hill giant.

Vanquished Creatures
  An ugly thing (D:8)
  Grinder (D:6)
  A spriggan (D:7)
  A deep elf fighter (D:8)
  2 hippogriffs
  A water moccasin (D:8)
  A sky beast (D:8)
  2 orc warriors
  2 phantoms
  3 black bears
  An ice beast (D:9)
  4 centaurs
  4 ogres
  A big kobold (D:8)
  Blork the orc (D:6)
  6 giant frogs
  A gnoll sergeant (D:6)
  3 scorpions
  5 wights
  5 killer bees (D:8)
  A quasit (D:6)
  A giant frog zombie (D:9)
  2 iguanas
  2 orc priests
  5 hounds
  A jelly (D:7)
  2 giant frog skeletons
  A centaur skeleton (D:4)
  5 orc wizards
  Natasha (thrice) (D:2)
  8 worker ants
  A big kobold zombie (Ossuary)
  4 mummies
  A hound skeleton (D:5)
  A worker ant zombie (D:7)
  14 adders
  7 gnolls
  2 shadow imps
  3 oozes
  2 adder zombies (Ossuary)
  3 adder skeletons
  6 giant geckos
  24 orcs
  2 ball pythons
  3 bats
  9 giant cockroaches
  11 hobgoblins
  11 kobolds
  A giant newt (D:2)
  5 goblins
  3 goblin zombies (Ossuary)
  2 hobgoblin zombies (Ossuary)
  15 jackals
  A jackal zombie (D:6)
  4 kobold zombies (Ossuary)
  5 quokkas
  A quokka skeleton (D:5)
  3 quokka zombies
  8 rats
  4 rat zombies (Ossuary)
233 creatures vanquished.

Vanquished Creatures (others)
  An orc wizard (D:6)
  2 gnolls (D:6)
  An orc (D:6)
4 creatures vanquished.

Grand Total: 237 creatures vanquished

Notes
Turn   | Place    | Note
--------------------------------------------------------------
     0 | D:1      | Ordine the Minotaur Gladiator began the quest for the Orb.
     0 | D:1      | Reached XP level 1. HP: 18/18 MP: 0/0
   106 | D:1      | Reached skill level 4 in Staves
   247 | D:1      | Reached XP level 2. HP: 25/25 MP: 1/1
  1026 | D:1      | Reached skill level 5 in Staves
  1049 | D:2      | Reached XP level 3. HP: 16/30 MP: 2/2
  1299 | D:2      | Found a sacrificial altar of Ru.
  1299 | D:2      | Found a radiant altar of Vehumet.
  1303 | D:2      | Became a worshipper of Ru the Awakened
  1474 | D:2      | Noticed Natasha
  1490 | D:2      | Killed Natasha
  1490 | D:2      | Reached skill level 6 in Staves
  1490 | D:2      | Reached XP level 4. HP: 9/37 MP: 3/3
  1729 | D:2      | Noticed Natasha
  1731 | D:2      | Found a bloodstained altar of Trog.
  1734 | D:2      | Killed Natasha
  2250 | D:2      | Noticed Natasha
  2266 | D:2      | Killed Natasha
  2486 | D:3      | Reached skill level 7 in Staves
  2486 | D:3      | Reached XP level 5. HP: 21/42 MP: 4/4
  2489 | D:3      | Found an iron altar of Okawaru.
  2648 | D:3      | Gained mutation: You cannot study or cast Air magic. [Ru sacrifice]
  2648 | D:3      | Gained mutation: You cannot study or cast Transmutations magic. [Ru sacrifice]
  2648 | D:3      | Gained mutation: You cannot study or cast Summoning magic. [Ru sacrifice]
  2648 | D:3      | Reached * piety under Ru
  2769 | D:3      | Found a blossoming altar of Fedhas.
  3166 | D:4      | Noticed an ogre
  3178 | D:4      | Killed an ogre
  3178 | D:4      | Reached skill level 8 in Staves
  3178 | D:4      | Reached XP level 6. HP: 7/50 MP: 5/5
  3447 | D:4      | Found a burning altar of Makhleb.
  3505 | D:4      | Noticed an orc warrior
  3524 | D:4      | Killed an orc warrior
  3524 | D:4      | Reached skill level 9 in Staves
  3815 | D:4      | Gained mutation: You can breathe flames. [potion of beneficial mutation]
  3929 | D:4      | Got a fine whip
  3930 | D:4      | Identified the +4 whip of Destiny {venom, rC+} (You found it on level 4 of the Dungeon)
  4080 | D:5      | Entered Level 5 of the Dungeon
  4385 | D:5      | Reached XP level 7. HP: 34/56 MP: 6/6
  4754 | D:5      | Reached skill level 10 in Staves
  4954 | D:5      | Reached skill level 11 in Staves
  5246 | D:5      | Reached XP level 8. HP: 44/62 MP: 7/7
  5651 | D:6      | Found a stormy altar of Qazlal.
  5986 | D:6      | Found a sand-covered staircase.
  5990 | D:6      | Reached skill level 12 in Staves
  5992 | D:6      | Noticed Blork the orc
  6005 | D:6      | Killed Blork the orc
  6124 | Ossuary  | Entered an ossuary
  6579 | D:6      | Noticed Grinder
  6588 | D:6      | Killed Grinder
  6588 | D:6      | Reached skill level 13 in Staves
  6817 | D:7      | Found a shadowy altar of Dithmenos.
  6988 | D:7      | Reached XP level 9. HP: 59/68 MP: 8/8
  7031 | D:6      | Reached skill level 14 in Staves
  7572 | D:7      | Reached skill level 1 in Armour
  7970 | D:7      | Found Goqom's Assorted Antiques.
  8105 | D:7      | Found a staircase to the Ecumenical Temple.
  8118 | Temple   | Entered the Ecumenical Temple
  8245 | D:7      | Reached skill level 5 in Fighting
  8346 | D:7      | Bought a scroll labeled EXIMYC OMMA for 21 gold pieces
  8347 | D:7      | Bought a scroll of identify for 42 gold pieces
  8347 | D:7      | Bought a brass wand for 84 gold pieces
  8347 | D:7      | Bought a scroll of identify for 42 gold pieces
  8430 | D:7      | Bought a smoky ruby potion for 18 gold pieces
  8432 | D:7      | Gained mutation: You are occasionally teleported to nearby monsters. [potion of mutation]
  8432 | D:7      | Gained mutation: You are clumsy. (Dex -2) [potion of mutation]
  8433 | D:7      | Lost mutation: You can breathe flames. [potion of cure mutation]
  8433 | D:7      | Lost mutation: You are clumsy. (Dex -2) [potion of cure mutation]
  8433 | D:7      | Lost mutation: You are occasionally teleported to nearby monsters. [potion of cure mutation]
  8553 | D:8      | Reached skill level 5 in Dodging
  9092 | D:8      | Reached skill level 5 in Armour
  9103 | D:8      | Reached XP level 10. HP: 45/84 MP: 9/9
  9294 | D:8      | Noticed a red ugly thing
  9309 | D:8      | Killed a red ugly thing
  9826 | D:8      | Found an iron altar of Okawaru.
 10190 | D:8      | Found Suhoh's Gadget Emporium.
 10393 | D:9      | Found Idimel's Jewellery Shoppe.
 10421 | D:9      | Bought a cursed ring of loudness for 58 gold pieces
 10421 | D:9      | Bought a cursed amulet of inaccuracy for 26 gold pieces
 10464 | D:9      | Noticed a hill giant
 10487 | D:9      | Slain by a hill giant

Vault maps used:
D:1:      sevenhm_arrival_forest_fort_small_3
D:2:      gammafunk_temple_overflow_elements, nicolae_overflow_hidden_temple,
          hangedman_decor_diamond_cutter, uniq_natasha
D:3:      nicolae_overflow_crystal_walls, okawaru_altar_gauntlet_db
D:4:      lemuel_round_altar, first_bread
D:5:      serial_glass, glass_columns_b, glass_columns_c, glass_columns_a,
          glass_columns_b, glass_columns_c, glass_columns_c, glass_columns_b,
          glass_columns_a, glass_columns_a, glass_columns_a
D:6:      gup_ossuary_entry_pyramid, grunt_qazlal_clouds, uniq_blork_the_orc,
          uniq_grinder
D:7:      black_bear_nest_1, nicolae_dithmenos_shadow_blocks,
          minmay_temple_entry_grid, serial_shops, shop_coins, the_bakery
D:8:      lemuel_doored_altar, serial_shops, shop, minmay_misc_feat_diagonals,
          nicolae_wand_duel, kennysheep_flooded_box, guppyfry_early_elven_hall
D:9:      david_orc_4, serial_shops, shop, uniq_pikel, uniq_maurice
Temple:   circular_temple_12
Ossuary:  ossuary_minmay_chase

Action                   |  1- 3 |  4- 6 |  7- 9 | 10-12 || total
-------------------------+-------+-------+-------+-------++-------
Melee: Quarterstaff      |    73 |   129 |   431 |   125 ||   758
Throw: Throwing net      |       |     3 |     3 |       ||     6
Invok: Sacrifice Arcana  |       |     1 |       |       ||     1
       Reject Sacrifices |       |       |     1 |     1 ||     2
 Abil: Breathe Fire      |       |       |     1 |       ||     1
Evoke: Wand              |       |       |       |     3 ||     3
  Use: Scroll            |     5 |    10 |    12 |     5 ||    32
       Potion            |     3 |     3 |     8 |       ||    14
 Stab: Held in net/web   |       |       |     2 |       ||     2
       Distracted        |       |       |     1 |       ||     1
       Invisible         |       |       |       |     9 ||     9
  Eat: Chunk             |     2 |     9 |    14 |     5 ||    30
       Fruit             |       |       |     1 |       ||     1
